 Dungeon Crawl Stone Soup version 0.30-a0-172-gc5509c9e31 (webtiles) character file.

Game seed: 9155789278643552987

141 KennySheep the Magician (level 5, -3/39 HPs)
             Began as a Djinni Hedge Wizard on Oct 1, 2022.
             Was a Believer of Lugonu.
             Slain by an ice beast (16 damage)
             ... on level 4 of the Dungeon.
             The game lasted 00:08:10 (2517 turns).

KennySheep the Magician (Djinni Hedge Wizard)       Turns: 2517, Time: 00:08:11

Health: -3/39      AC:  2    Str:  9    XL:     5   Next: 48%
Gold:   162        EV: 16    Int: 17    God:    Lugonu [**....] SH:  0 Dex: 13

rFire   + + .      SeeInvis .    a - +0 dagger
rCold   x . .      Faith    .    (no shield)
rNeg    . . .      Spirit   .    b - +0 robe
rPois   ∞          Reflect  .    c - +0 hat
rElec   .          Harm     .    (no cloak)
rCorr   .          Rampage  .    (no gloves)
Will    .....                    (boots unavailable)
Stlth   ++........               (no amulet)
HPRegen 0.26/turn                r - +4 ring of evasion
MPRegen 0.00/turn                (no ring)

@: flying
A: sickness immunity, fire resistance 2, cold vulnerability 1, float, innate
caster, HP casting, extra vitality 1
a: Renounce Religion, Depart the Abyss, Bend Space


You were on level 4 of the Dungeon.
You worshipped Lugonu.
Lugonu was pleased with you.
You visited 1 branch of the dungeon, and saw 4 of its levels.

You collected 162 gold pieces.

Inventory:

Hand Weapons
 a - a +0 dagger (weapon)
Armour
 b - a +0 robe (worn)
 c - a +0 hat (worn)
Jewellery
 r - a +4 ring of evasion (left hand)
Wands
 k - a wand of mindburst (8)
 q - a wand of paralysis (21)
Scrolls
 d - a scroll of vulnerability {unknown}
 e - a scroll of immolation {unknown}
 g - a scroll of magic mapping {unknown}
 h - a scroll of summoning {unknown}
 i - a scroll of noise {unknown}
 m - a scroll of amnesia {unknown}
 o - a scroll of teleportation {unknown}
 p - 3 scrolls of identify {unknown}
 t - a scroll of fog {unknown}
Potions
 f - a potion of cancellation {unknown}
 j - 2 potions of mutation {unknown}
 l - 2 potions of heal wounds {unknown}
 n - a potion of curing {unknown}
 s - 2 potions of ambrosia {unknown}


   Skills:
 + Level 2.3 Fighting
 - Level 2.1 Dodging
 - Level 1.5 Stealth
 * Level 3.8 Spellcasting
 + Level 1.1 Invocations


You couldn't memorise any spells.
You knew the following spells:

 Your Spells              Type           Power      Damage    Failure   Level
a - Magic Dart            Conj           64%        1d6       3%          1
b - Slow                  Hex            64%        N/A       3%          1
c - Blink                 Tloc           32%        N/A       4%          2
d - Call Imp              Summ           16%        N/A       4%          2
e - Cigotuvi's Dreadful   Necr/Pois/Air  32%        N/A       4%          2
f - Mephitic Cloud        Conj/Pois/Air  16%        N/A       10%         3
g - Kiss of Death         Conj/Necr      64%        2d10      3%          1
h - Momentum Strike       Conj/Tloc      32%        3d8       4%          2
Your spell library was empty.

Dungeon Overview and Level Annotations

Branches:
Dungeon (4/15)
 Temple: D:4-7

Altars:
Lugonu

Annotations:
D:3 2 transporters, 1 runed translucent door, Crazy Yiuf; glaedl's ghost, amateur HOCA


Innate Abilities, Weirdness & Mutations

You are immune to sickness and miasma.
You are immune to poison.
Your flesh is very heat resistant. (rF++)
You are vulnerable to cold. (rC-)
You float through the air rather than walking.
You learn spells naturally, not from books.
Your magical power is your life essence.
You have superior vitality. (+4 MHP)


Message History

You fly downwards.
There is a stone staircase leading up here.
You now have 162 gold pieces (gained 16).
An ice beast comes into view.
Found a bubbling sapphire potion.
Casting: Magic Dart (safe; 3% risk of failure)
Confirm with . or Enter, or press ? or * to list all spells.
A beastly little devil appears in a puff of flame.
Aiming: Magic Dart (safe; 3% risk of failure)
Press: ? - help, Q - select action, (/) - cycle Shift-Dir - straight line, f - ice beast
Aim: an ice beast (ally target, 100% to hit)
The magic dart hits the ice beast.
The ice beast is lightly wounded.
Aiming: Magic Dart (safe; 3% risk of failure)
Press: ? - help, Q - select action, (/) - cycle Shift-Dir - straight line, f/p - ice beast
Aim: an ice beast (lightly wounded, ally target, 100% to hit)
The magic dart hits the ice beast.
The ice beast is lightly wounded.
The ice beast hits you. The ice beast freezes you!
You feel a terrible chill!
Your crimson imp closely misses the ice beast.
Aiming: Magic Dart (safe; 3% risk of failure)
Press: ? - help, Q - select action, (/) - cycle Shift-Dir - straight line, f/p - ice beast
Aim: an ice beast (lightly wounded, ally target, 100% to hit)
The magic dart hits the ice beast but does no damage.
The ice beast is lightly wounded.
The ice beast closely misses you.
Your crimson imp hits the ice beast.
Aiming: Magic Dart (safe; 3% risk of failure)
Press: ? - help, Q - select action, (/) - cycle Shift-Dir - straight line, f/p - ice beast
Aim: an ice beast (moderately wounded, not watching you, ally target, 100% to hit)
The magic dart hits the ice beast.
The ice beast is heavily wounded.
The ice beast hits you. The ice beast freezes you!
You feel a terrible chill!
Your crimson imp closely misses the ice beast.
Aiming: Magic Dart (safe; 3% risk of failure)
Press: ? - help, Q - select action, (/) - cycle Shift-Dir - straight line, f/p - ice beast
Aim: an ice beast (heavily wounded, ally target, 100% to hit)
The magic dart hits the ice beast.
The ice beast is heavily wounded.
The ice beast hits you. The ice beast freezes you!
You feel a terrible chill!
You die...

#.#..#.#.#.#
#.##.#.#.#.#
#......#.#.########
####...#.#.........
.######.#.#.........
.......<..#.........
#########.#.........
..........!.......
..........@Y......
##########..5.....
#........ #........
#........ .........
#........ #########


You could see an ice beast (ally target) and a friendly crimson imp (summoned).

Vanquished Creatures
  An orc wizard (D:3)
  A gnoll (D:1)
  2 adders (D:2)
  2 dart slugs (D:3)
  3 orcs (D:3)
  5 ball pythons
  4 endoplasms
  A giant cockroach (D:1)
  3 goblins (D:2)
  9 hobgoblins
  3 quokkas
  3 bats
  4 frilled lizards
  7 kobolds
  3 rats
51 creatures vanquished.

Vanquished Creatures (collateral kills)
  An orc priest (D:3)
  An orc (D:3)
2 creatures vanquished.

Vanquished Creatures (others)
  4 fungi (D:3)
  A plant (D:1)
5 creatures vanquished.

Grand Total: 58 creatures vanquished

Notes
Turn   | Place    | Note
-------+----------+-------------------------------------------
     0 | D:1      | KennySheep the Djinni Hedge Wizard began the quest for the
                  | Orb.
     0 | D:1      | KennySheep set off with the following spells memorised:
                  | Magic Dart, Slow, Blink, Call Imp, Cigotuvi's Dreadful Rot,
                  | Mephitic Cloud.
     0 | D:1      | Reached XP level 1. HP: 15/15 MP: 0/0
    84 | D:1      | Reached skill level 1 in Fighting
    84 | D:1      | Reached XP level 2. HP: 7/22 MP: 0/0
   354 | D:1      | Reached XP level 3. HP: 26/27 MP: 0/0
   354 | D:1      | Learned a level 1 spell: Kiss of Death
   387 | D:1      | Reached skill level 3 in Spellcasting
  1042 | D:2      | Reached XP level 4. HP: 26/33 MP: 0/0
  1451 | D:2      | Found a faded altar of an unknown god.
  1561 | D:2      | Prayed at the altar of an unknown god.
  1561 | D:2      | Became a worshipper of Lugonu the Unformed
  1561 | D:2      | Reached * piety under Lugonu
  1561 | D:2      | Reached ** piety under Lugonu
  1608 | D:3      | Found a transporter.
  1810 | D:3      | Reached XP level 5. HP: 34/38 MP: 0/0
  1810 | D:3      | Learned a level 2 spell: Momentum Strike
  1819 | D:3      | Reached skill level 1 in Invocations
  2091 | D:3      | Found a transporter.
  2094 | D:3      | Noticed glaedl's ghost (amateur HOCA)
  2388 | D:3      | Found a runed translucent door.
  2389 | D:3      | Noticed Crazy Yiuf
  2508 | D:4      | Noticed an ice beast
  2517 | D:4      | Slain by an ice beast

Illustrated notes

Levels and vault maps discovered:
D:1:      erik_arrival_orb_chamber, layout_loops_ring, minivault_14,
          nicolae_grassy_gnolls
D:2:      layout_rooms, hellmonk_ecumenical_altar_zigzags
D:3:      layout_loops_ring, gammafunk_ghost_mausoleum, uniq_crazy_yiuf_cottage
D:4:      layout_basic, nicolae_sif_muna_condensation, uniq_pikel

Skill      XL: |  1  2  3  4  5 |
---------------+----------------+-----
Fighting       | 1 2 |  2.3
Spellcasting   | 3 |  3.8
Invocations    | 1 |  1.1
Dodging        | |  2.1
Stealth        | |  1.5

Action                   |  1- 3 |  4- 6 || total
-------------------------+-------+-------++-------
Melee: Dagger            |    38 |    11 ||    49
       Punch             |     2 |       ||     2
 Cast: Magic Dart        |    59 |    67 ||   126
       Call Imp          |       |     2 ||     2
Armor: Robe              |    12 |       ||    12
Dodge: Dodged            |    40 |     9 ||    49

Table legend: (Time is in decaauts)
 A = Elapsed time spent in this place.
 B = Non-inter-level travel time spent in this place.
 C = Inter-level travel time spent in this place.
 D = Time resting spent in this place.
 E = Time spent auto-exploring this place.
 F = Levels seen in this place.
 G = Mean time per level.
                   A        B        C        D        E       F      G
               +--------+--------+--------+--------+--------+-----+--------+
         Total |   2515 |   2332 |    183 |    248 |   1757 |   4 |  628.8 |
       Dungeon |   2515 |   2332 |    183 |    248 |   1757 |   4 |  628.8 |
               +--------+--------+--------+--------+--------+-----+--------+

Top non-repeatable levels by time:
     D:1: 905 daAuts
     D:3: 882 daAuts
     D:2: 693 daAuts
     D:4: 34 daAuts
